 Dungeon Crawl Stone Soup version 0.29.1-15-g9cfb28693d (webtiles) character file.

Game seed: 271108197774069837

39 manyhoops the Insei (level 3, 0/24 HPs)
             Began as an Octopode Transmuter on Apr 11, 2023.
             Slain by a gnoll
             ... wielding a +0 flail
              (8 damage)
             ... on level 1 of the Dungeon.
             The game lasted 00:02:54 (1911 turns).

manyhoops the Insei (Octopode Transmuter)           Turns: 1911, Time: 00:02:55

Health: 0/24       AC:  1    Str: 11    XL:     3   Next: 47%
Magic:  5/6        EV: 13    Int: 15    God:
Gold:   130        SH:  0    Dex: 12    Spells: 3/6 levels left

rFire   . . .      SeeInvis +     - Unarmed
rCold   . . .      Faith    .   (no shield)
rNeg    . . .      Spirit   .   (helmet currently unavailable)
rPois   .          Reflect  .   (no amulet)
rElec   .          Harm     .   a - ring of see invisible
rCorr   .          Rampage  .   (no ring)
Will    .....                   (no ring)
Stlth   ++........              (no ring)
HPRegen 0.08/turn               (no ring)
MPRegen 0.10/turn               (no ring)
                                (no ring)
                                (no ring)

@: appendages
A: tentacle spike 3, almost no armour, amphibious, 8 rings, camouflage 1,
gelatinous body 1, (nimble swimmer 1), tentacles
a: End Transformation


You were on level 1 of the Dungeon.
One of your tentacles had grown a beastly spike.
You visited 1 branch of the dungeon, and saw 2 of its levels.

You collected 130 gold pieces.

Inventory:

Armour
 c - a +0 buckler
Jewellery
 a - a ring of see invisible (left tentacle)
Scrolls
 e - 4 scrolls of teleportation
 f - a scroll of identify {unknown}
 g - a scroll of enchant armour {unknown}
 i - a scroll of immolation {unknown}
Potions
 b - 3 potions of curing
 d - a potion of magic {unknown}
 h - a potion of mutation {unknown}
 j - 2 potions of berserk rage {unknown}
 k - 2 potions of might {unknown}
 l - a potion of invisibility {unknown}


   Skills:
 * Level 1.9 Fighting
 - Level 2.0 Dodging
 + Level 4.0 Unarmed Combat
 - Level 2.0 Spellcasting
 - Level 2.0 Transmutations


You had 3 spell levels left.
You knew the following spells:

 Your Spells              Type           Power      Damage    Failure   Level
a - Beastly Appendage     Tmut           14%        N/A       10%         1
b - Wereblood             Tmut           7%         N/A       14%         2

Your spell library contained the following spells:

 Spells                   Type           Power      Damage    Failure   Level
 Spider Form              Tmut/Pois      4%         N/A       41%         3
 Ice Form                 Ice/Tmut       4%         N/A       82%         4


Dungeon Overview and Level Annotations

Branches:
Dungeon (2/15)

Altars:


Innate Abilities, Weirdness & Mutations

One of your tentacles has grown a beastly spike.
You cannot wear most types of armour.
You are amphibious.
You can wear up to eight rings at the same time.
Your skin changes colour to match your surroundings (Stealth+).
Your rubbery body absorbs attacks. (AC +1, EV +1)
((You are camouflaged when in or above water. (Stealth+)))
You have tentacles for arms and can constrict up to eight enemies at once.


Message History

The gnoll is moderately wounded.
You constrict the gnoll. The gnoll barely misses you.
You tentacle-slap the gnoll.
You pierce the gnoll, but do no damage.
Your squeeze misses the gnoll.
The gnoll is severely wounded.
You constrict the gnoll. You tentacle-slap the gnoll.
The gnoll is almost dead.
You constrict the gnoll.
You kill the gnoll!
Your Unarmed Combat skill increases to level 4!
You start resting.
Your transformation is almost over.
Magic restored.
You start resting.
Your tentacle spike disappears.
A gnoll is nearby!
A gnoll is nearby!
A gnoll is nearby!
The gnoll shouts!
There is a stone staircase leading up here.
You climb upwards.
There is a stone staircase leading down here.
You start resting.
HP restored.
You climb downwards.
The gnoll misses you. The gnoll hits you with a +0 flail!
There is a stone staircase leading up here.
Casting: Beastly Appendage (safe; 10% risk of failure)
Confirm with . or Enter, or press ? or * to list all spells.
One of your tentacles grows a vicious spike.
The gnoll shouts!
The gnoll hits you with a +0 flail. The gnoll closely misses you.
You climb upwards.
There is a stone staircase leading down here.
Okay, then.
It was a potion of curing.
You feel better. The gnoll hits you with a +0 flail!
You closely miss the gnoll. Your grab misses the gnoll.
The gnoll hits you with a +0 flail!
You die...

#.....## ##.## #.#.
######.## ##..# #.#.
##..###.#.# #...
##.#..#.##.############...
##.###...#.................
#.## ##..#.....#######.....
##.###.#...................
##.#.##.#g....#######.....
##.###.#@...># ##.... #.#
#.#####.# ##...
###.###.#####.#### ##..
#.....#.##.......########.
#.###.#.##.#####†#........
#.# #......# #...######.
#.###.#....# #..........
#.....##.#.# #.#..#####.
########.#.#####.#..# #.


You could see a gnoll.

Vanquished Creatures
  A gnoll (D:2)
  A dart slug (D:2)
  An endoplasm (D:1)
  4 giant cockroaches
  2 goblins (D:1)
  2 hobgoblins (D:2)
  3 jackals (D:1)
  A quokka (D:1)
  4 ball pythons
  2 bats (D:2)
  3 frilled lizards
  2 rats
26 creatures vanquished.

Notes
Turn   | Place    | Note
-------+----------+-------------------------------------------
     0 | D:1      | manyhoops the Octopode Transmuter began the quest for the
                  | Orb.
     0 | D:1      | Reached XP level 1. HP: 13/13 MP: 3/3
    97 | D:1      | Found a faded altar of an unknown god.
   134 | D:1      | Reached XP level 2. HP: 6/18 MP: 5/5
   394 | D:1      | Learned a level 2 spell: Wereblood
  1375 | D:2      | Reached XP level 3. HP: 24/24 MP: 3/6
  1729 | D:2      | Reached skill level 4 in Unarmed Combat
  1911 | D:1      | Slain by a gnoll

Illustrated notes

Levels and vault maps discovered:
D:1:      lightli_arrival_maybe_door_vault, layout_loops_ring,
          hellmonk_ecumenical_altar_lost_god
D:2:      layout_rooms

Skill      XL: |  1  2  3 |
---------------+----------+-----
Unarmed Combat | 4 |  4.0
Fighting       | |  1.9
Dodging        | |  2.0
Spellcasting   | |  2.0
Transmutations | |  2.0

Action                   || total
-------------------------++-------
Melee: Unarmed           ||    60
       Constrict         ||    11
       Kick              ||    14
       Punch             ||     1
       Tentacles         ||     3
 Cast: Beastly Appendage ||    21
       Wereblood         ||     1
  Use: Potion            ||     2
       Scroll            ||     1
 Stab: Sleeping          ||     5
Armor: Skin              ||    16
Dodge: Dodged            ||    41
Block: Buckler           ||     1
